AoeStats
← martin.fischer.ac

Arena

510119172Analyzed
3v3 RM · 3d ago on Sep 29, 2026· 57m 43s· 6 players
Game mode
Random Map
Map size
Normal (6 player)
Population
200
Speed
Normal
Resources
Standard
Victory
Conquest
Starting age
Dark Age
Ending age
Imperial Age
RankedLock teamsTeams togetherTeam positionsShared explorationLock speedFull tech treeHidden civsTurbo modeCheats
Victory
Defeat
🇪🇸 Persians · Spain
909
+18
🇩🇪 Britons · Germany
870
+19
🇪🇸 Italians · Spain
833
+21
🇺🇿 Varangians · Uzbekistan
980
-21
🇺🇿 Vietnamese · Uzbekistan
939
-19
🇷🇺 Danes · Russia
907
-18
Karlos
11:41 Feudal Age
15:20 Castle Age
13:12 Double-Bit Axe
14:17 Horse Collar
15:05 Stone Mining
16:55 Bow Saw
23:25 Wheelbarrow
25:02 Gold Mining
25:31 Loom
27:25 Gold Shaft Mining
29:51 Imperial Age
28:07 Forging
28:03 Scale Barding Armor
29:45 Padded Archer Armor
31:21 Two-Man Saw
30:26 Heavy Plow
31:35 Hand Cart
31:45 Leather Archer Armor
31:20 Fletching
32:08 Iron Casting
33:57 Ballistics
35:05 Elite War Elephant
36:07 Chain Barding Armor
35:44 Bodkin Arrow
35:15 Elite Skirmisher
37:48 Blast Furnace
37:19 Ring Archer Armor
37:53 Cavalier
39:23 Crop Rotation
41:08 Plate Barding Armor
41:11 Bloodlines
41:02 Husbandry
42:11 Savar
DavidFe
12:17 Feudal Age
16:23 Castle Age
15:04 Double-Bit Axe
16:08 Horse Collar
18:17 Bow Saw
21:47 Heavy Plow
22:03 Gold Mining
23:53 Wheelbarrow
28:53 Imperial Age
27:30 Hand Cart
27:48 Squires
27:54 Scale Mail Armor
28:43 Arson
29:14 Forging
30:25 Crop Rotation
31:51 Chain Mail Armor
32:01 Conscription
33:42 Two-Man Saw
34:33 Plate Mail Armor
37:40 Iron Casting
44:35 Ballistics
45:18 Blast Furnace
44:08 Fletching
martin.fischer.ac
9:26 Loom
11:12 Feudal Age
9:37 Loom
11:23 Feudal Age
13:49 Double-Bit Axe
16:11 Castle Age
14:30 Horse Collar
17:45 Bow Saw
18:36 Wheelbarrow
22:00 Hand Cart
23:21 Gold Mining
25:04 Heavy Plow
25:56 Stone Mining
29:35 Imperial Age
28:41 Ballistics
28:46 Pikeman
29:27 Squires
29:12 Arson
29:43 Town Watch
30:13 Elite Longbowman
31:14 Conscription
31:57 Yeomen
31:01 Halberdier
32:19 Warwolf
33:35 Fletching
35:14 Gold Shaft Mining
34:16 Elite Skirmisher
38:09 Husbandry
37:30 Cavalier
37:31 Light Cavalry
38:08 Bodkin Arrow
38:16 Padded Archer Armor
40:18 Scale Mail Armor
40:29 Forging
40:35 Leather Archer Armor
41:43 Two-Man Saw
42:53 Chemistry
49:20 Iron Casting
51:10 Fortified Wall
51:58 Man-at-Arms
52:24 Gambesons
53:16 Long Swordsman
55:02 Two-Handed Swordsman
Vladislav I (Jagiellon)
10:44 Feudal Age
9:01 Loom
11:29 Double-Bit Axe
11:26 Horse Collar
19:04 Castle Age
18:37 Wheelbarrow
19:55 Bow Saw
21:02 Gold Mining
21:39 Squires
22:56 Heavy Plow
22:48 Pikeman
22:58 Pikeman
23:25 Arson
24:12 Forging
24:03 Scale Mail Armor
24:25 Hand Cart
30:22 Imperial Age
29:22 Gold Shaft Mining
28:35 Town Watch
29:31 Iron Casting
28:47 Fletching
28:58 Padded Archer Armor
29:11 Stone Mining
31:13 Stone Shaft Mining
32:09 Bodkin Arrow
33:54 Chemistry
34:23 Conscription
34:11 Bracer
34:27 Leather Archer Armor
35:05 Murder Holes
35:42 Masonry
35:23 Elite Skirmisher
Hunter
6:20 Loom
11:00 Feudal Age
15:54 Castle Age
14:31 Double-Bit Axe
15:55 Horse Collar
17:59 Bow Saw
19:46 Wheelbarrow
22:49 Hand Cart
23:22 Heavy Plow
25:20 Scale Mail Armor
26:05 Town Watch
26:35 Gambesons
26:52 Squires
27:13 Stone Mining
27:22 Gold Mining
27:35 Arson
29:01 Stone Shaft Mining
33:00 Imperial Age
31:06 Forging
31:38 Fletching
31:13 Elite Skirmisher
32:21 Bodkin Arrow
33:08 Imperial Skirmisher
34:50 Iron Casting
34:30 Chain Mail Armor
34:17 Bracer
35:35 Two-Man Saw
35:12 Conscription
37:22 Plate Mail Armor
37:11 Elite Varangian Guard
39:06 Ballistics
40:44 Blast Furnace
40:08 Pikeman
41:31 Gothikon
42:18 Halberdier
ABOBUS
11:18 Feudal Age
17:58 Castle Age
19:30 Gold Mining
21:22 Stone Mining
27:38 Stone Shaft Mining
28:10 Double-Bit Axe
28:11 Horse Collar
28:30 Fletching
29:48 Loom
31:14 Bow Saw
31:08 Heavy Plow
32:06 Wheelbarrow
32:02 Bodkin Arrow
32:08 Padded Archer Armor
34:40 Hand Cart
34:11 Town Watch
35:25 Town Patrol
36:08 Thumb Ring
35:23 Elite Skirmisher
38:54 Imperial Age
37:28 Padded Archer Armor
38:26 Leather Archer Armor
38:56 Imperial Skirmisher
39:38 Bracer
40:08 Ring Archer Armor
41:38 Ballistics
41:29 Masonry
42:07 Murder Holes
43:24 Paper Money
44:02 Squires
43:22 Pikeman
43:24 Elite Fire Lancer
46:37 Two-Man Saw
46:29 Paper Money
46:49 Forging
46:40 Scale Mail Armor
Connection lost

Rejoining the realm…

Still unreachable

The connection could not be restored.

Session expired

The server has moved on; the page needs a fresh start.